 Dungeon Crawl Stone Soup version 0.30-a0-371-gad7725a (webtiles) character file.

Game seed: 871823118010523882

5042 Dorkslayer the Spear-Bearer (level 10, -7/84 HPs)
             Began as a Merfolk Fighter on Nov 22, 2022.
             Was an Initiate of Gozag.
             Mangled by a two-headed ogre
             ... wielding a +0 giant club
              (23 damage)
             ... on level 8 of the Dungeon.
             The game lasted 00:24:00 (8247 turns).

Dorkslayer the Spear-Bearer (Merfolk Fighter)       Turns: 8247, Time: 00:24:01

Health: -7/84      AC: 13    Str: 18    XL:     10   Next: 55%
Magic:  10/10      EV:  6    Int: 11    God:    Gozag
Gold:   486        SH: 10    Dex: 13    Spells: 9/9 levels left

rFire   . . .      SeeInvis .    j - +3 war axe (vorpal)
rCold   + . .      Faith    .    c - +0 buckler
rNeg    . . .      Spirit   .    A - +0 plate armour
rPois   +          Reflect  +    (no helmet)
rElec   .          Harm     .    (no cloak)
rCorr   .          Rampage  .    (no gloves)
Will    .....                    n - +0 pair of boots
Stlth   ..........               x - amulet of reflection
HPRegen 0.34/turn                f - ring of poison resistance
MPRegen 0.12/turn                C - ring of protection from cold

@: no status effects
A: (nimble swimmer 2), mertail, robust 1
a: Renounce Religion, Potion Petition, Call Merchant, Bribe Branch


You were on level 8 of the Dungeon.
You worshipped Gozag.
Gozag was aware of your devotion.
You visited 2 branches of the dungeon, and saw 9 of its levels.
You also visited: Bailey.

You collected 903 gold pieces.
You spent 313 gold pieces at shops.
You paid 104 gold pieces to Gozag.

Inventory:

Hand Weapons
 a - a +1 trident of flaming
 j - a +3 vorpal war axe (weapon)
Missiles
 l - 3 boomerangs (quivered)
 m - a throwing net
Armour
 b - a +0 scale mail
 c - a +0 buckler (worn)
 n - a +0 pair of boots (worn)
 s - a +0 chain mail
 z - a +0 chain mail of cold resistance
 A - a +0 plate armour (worn)
Jewellery
 f - a ring of poison resistance (left hand)
 v - a ring of flight
 x - an amulet of reflection (around neck)
 C - a ring of protection from cold (right hand)
Wands
 E - a wand of digging (3)
Scrolls
 e - 4 scrolls of identify
 k - a scroll of immolation
 o - 7 scrolls of teleportation
 p - a scroll of magic mapping
 t - 3 scrolls of fear
 u - 2 scrolls of poison
 y - a scroll of blinking
 F - a scroll of silence
Potions
 d - 3 potions of ambrosia
 g - a potion of curing
 q - a potion of attraction
 B - 3 potions of flight


   Skills:
 + Level 6.4 Fighting
 + Level 4.0(5.6) Axes
 + Level 9.8(10.6) Polearms
 + Level 2.0 Throwing
 + Level 5.4 Armour
 + Level 4.1 Dodging
 + Level 1.2 Stealth
 + Level 6.3 Shields
 * Level 6.0 Evocations


You had 9 spell levels left.
You didn't know any spells.
Your spell library contained the following spells:

 Spells                   Type           Power      Damage    Failure   Level
 Apportation              Tloc           0%         N/A       100%        1
 Necrotise                Necr           0%         1d4       100%        1
 Summon Small Mammal      Summ           0%         N/A       100%        1
 Gell's Gravitas          Tloc           0%         N/A       100%        3
 Ozocubu's Armour         Ice            0%         N/A       100%        3
 Teleport Other           Tloc           0%         N/A       100%        3
 Dispersal                Tloc           0%         N/A       100%        6
 Ozocubu's Refrigeration  Ice            0%         4d7       100%        7


Dungeon Overview and Level Annotations

Branches:
Dungeon (8/15)             Temple (1/1) D:4          Bailey (visited)
   Lair: D:8-11

Altars:
Ashenzari
Cheibriados
Dithmenos
Elyvilon
Fedhas
Gozag
Hepliaklqana
Kikubaaqudgha
Makhleb
Nemelex Xobeh
Okawaru
Qazlal
Ru
Sif Muna
Trog
Uskayaw
Wu Jian
Xom
Zin
The Shining One

Shops:
D:2 ?   D:3 ?(   D:7 :

Annotations:
D:8 exclusion: obsidian statue


Innate Abilities, Weirdness & Mutations

((You are very nimble when in or above water. (Stealth+, EV+, Speed+++)))
Your lower body shifts to a powerful aquatic tail in water.
You are robust. (+10% HP)


Message History

Found a stone staircase leading down.
Your legs become a tail as you enter the water.
Your +0 pair of boots melds into your body.
Your +0 pair of boots unmelds from your body.
There is a stone staircase leading down here.
A two-headed ogre comes into view. It is wielding two +0 giant clubs.
The two-headed ogre shouts in stereo!
Throw: 3 boomerangs
Press: ? - help, Q - select action, (/) - cycle Shift-Dir - straight line, f - two-headed ogre
Aim: a two-headed ogre, wielding two +0 giant clubs (76% to hit)
You throw a boomerang. The boomerang hits the two-headed ogre.
The two-headed ogre is lightly wounded.
Unknown command.
Throw: 3 boomerangs
Press: ? - help, Q - select action, (/) - cycle Shift-Dir - straight line, f/p - two-headed ogre
Aim: a two-headed ogre, wielding two +0 giant clubs (lightly wounded, 76% to hit)
You throw a boomerang.
The boomerang hits the two-headed ogre but does no damage.
The two-headed ogre is lightly wounded.
Throw: 3 boomerangs
Press: ? - help, Q - select action, (/) - cycle Shift-Dir - straight line, f/p - two-headed ogre
Aim: a two-headed ogre, wielding two +0 giant clubs (lightly wounded, 76% to hit)
You throw a boomerang.
The boomerang barely misses the two-headed ogre.
You barely miss the two-headed ogre.
The two-headed ogre is lightly wounded.
The two-headed ogre hits you with a +0 giant club!
You block the two-headed ogre's attack.
You slash the two-headed ogre!
The two-headed ogre is lightly wounded.
The two-headed ogre hits you with a +0 giant club!! x2
You hit the two-headed ogre.
The two-headed ogre is moderately wounded.
You slash the two-headed ogre!
The two-headed ogre is heavily wounded.
The two-headed ogre hits you with a +0 giant club!
* * * LOW HITPOINT WARNING * * *
The two-headed ogre hits you with a +0 giant club!!
You die...
Your body crumbles into a pile of gold.

#################.#
..................#
#################.#
#.# #.# #.# #.# .
########.## .
.......@..# #
######O#.## #.#.#
#.#.# #.#.# #.#.#
######### #.#.#
........# #.#.#
~.......#


You could see a two-headed ogre.

Vanquished Creatures
  A two-headed ogre (Bailey)
  An unseen horror (D:5)
  A hornet (D:6)
  A polar bear (D:8)
  A queen bee (D:6)
  Prince Ribbit (D:6)
  Sigmund (D:2)
  3 spriggans (Bailey)
  The ghost of Stormy the Shooter, an amateur HuHu (D:6)
  2 steam dragons
  A water moccasin (D:8)
  3 orc warriors
  2 sky beasts (D:7)
  An ice beast (D:8)
  5 ogres (Bailey)
  A phantom (D:7)
  3 bullfrogs
  A scorpion (D:4)
  2 necrophages
  7 killer bees (D:6)
  An electric eel (D:8)
  4 hounds
  A jelly (D:6)
  An iguana (D:5)
  3 orc wizards (D:7)
  A centaur simulacrum (D:8)
  4 gnolls
  9 adders
  A shadow imp (D:6)
  4 white imps
  2 ufetubi (D:5)
  2 dart slugs (D:1)
  13 orcs
  7 ball pythons
  8 endoplasms
  A giant cockroach (D:1)
  8 goblins
  3 hobgoblins
  4 jackals (D:2)
  8 kobolds
  3 quokkas
  3 bats (D:2)
  3 frilled lizards
  7 rats
140 creatures vanquished.

Notes
Turn   | Place    | Note
-------+----------+-------------------------------------------
     0 | D:1      | Dorkslayer the Merfolk Fighter began the quest for the Orb.
     0 | D:1      | Reached XP level 1. HP: 18/18 MP: 1/1
   197 | D:1      | Reached skill level 1 in Dodging
   197 | D:1      | Reached XP level 2. HP: 24/24 MP: 2/2
   376 | D:1      | Reached skill level 3 in Polearms
   724 | D:2      | Reached XP level 3. HP: 29/29 MP: 3/3
   752 | D:2      | Found a faded altar of an unknown god.
   998 | D:2      | Found a glowing golden altar of the Shining One.
  1023 | D:2      | Reached XP level 4. HP: 35/35 MP: 4/4
  1089 | D:2      | Found Beawuxt's Magic Scroll Shoppe.
  1358 | D:2      | Noticed Sigmund
  1369 | D:2      | Killed Sigmund
  1370 | D:2      | Reached skill level 5 in Polearms
  1370 | D:2      | Reached XP level 5. HP: 42/42 MP: 5/5
  1370 | D:2      | Reached XP level 6. HP: 48/48 MP: 6/6
  1892 | D:3      | Found a sparkling altar of Nemelex Xobeh.
  2137 | D:3      | Found Akluy's Antique Weapon Shop.
  2213 | D:3      | Found a burning altar of Makhleb.
  2230 | D:3      | Found Refuem's Magic Scroll Emporium.
  2410 | D:3      | Found a shadowy altar of Dithmenos.
  2411 | D:3      | Found a white marble altar of Elyvilon.
  2413 | D:3      | Found a shimmering blue altar of Sif Muna.
  2413 | D:3      | Found a stormy altar of Qazlal.
  2414 | D:3      | Found a snail-covered altar of Cheibriados.
  2414 | D:3      | Found a hazy altar of Hepliaklqana.
  2414 | D:3      | Found an ornate altar of the Wu Jian Council.
  2414 | D:3      | Found a bloodstained altar of Trog.
  2595 | D:3      | Found a blossoming altar of Fedhas.
  2684 | D:4      | Noticed an orc warrior
  2707 | D:4      | Killed an orc warrior
  2945 | D:4      | Reached skill level 1 in Evocations
  3041 | D:4      | Reached XP level 7. HP: 50/54 MP: 7/7
  3116 | D:4      | Found a staircase to the Ecumenical Temple.
  3171 | Temple   | Entered the Ecumenical Temple
  3272 | D:4      | Reached skill level 6 in Polearms
  3478 | D:5      | Entered Level 5 of the Dungeon
  3580 | D:5      | Found an opulent altar of Gozag.
  3673 | D:6      | Noticed Prince Ribbit
  3693 | D:6      | Killed Prince Ribbit
  3725 | D:6      | Noticed a steam dragon
  3731 | D:6      | Killed a steam dragon
  3732 | D:6      | Reached skill level 1 in Throwing
  3732 | D:6      | Reached XP level 8. HP: 28/61 MP: 8/8
  3735 | D:6      | Reached skill level 7 in Polearms
  3761 | D:6      | Noticed a queen bee
  4028 | D:6      | Found a transporter.
  4029 | D:6      | Noticed a hornet
  4030 | D:6      | Found a transporter.
  4035 | D:6      | Noticed Stormy's ghost (amateur HuHu)
  4125 | D:5      | Became a worshipper of Gozag Ym Sagoz the Greedy
  4414 | D:5      | Found a broken altar of Ashenzari.
  4468 | D:5      | Gained mutation: You are frail. (-10% HP) [potion of
                  | mutation]
  4468 | D:5      | Gained mutation: You are partially covered in iridescent
                  | scales. (AC +2) [potion of mutation]
  4476 | D:5      | Killed an unseen horror
  4477 | D:5      | Reached skill level 5 in Shields
  4492 | D:5      | Lost mutation: You are frail. (-10% HP) [potion of
                  | mutation]
  4492 | D:5      | Lost mutation: You are partially covered in iridescent
                  | scales. (AC +2) [potion of mutation]
  4492 | D:5      | Gained mutation: You are weak. (Str -2) [potion of
                  | mutation]
  4492 | D:5      | Gained mutation: You occasionally shout uncontrollably at
                  | your foes. [potion of mutation]
  4493 | D:5      | Lost mutation: You are weak. (Str -2) [potion of mutation]
  4493 | D:5      | Lost mutation: You occasionally shout uncontrollably at
                  | your foes. [potion of mutation]
  4493 | D:5      | Gained mutation: You are robust. (+10% HP) [potion of
                  | mutation]
  4839 | D:6      | Paralysed by a hornet for 3 turns
  5024 | D:7      | Found Zoedudih's Book Shop.
  5058 | D:7      | Reached skill level 5 in Fighting
  5074 | D:7      | Reached skill level 8 in Polearms
  5087 | D:7      | Reached XP level 9. HP: 61/74 MP: 9/9
  5111 | D:7      | Reached skill level 1 in Stealth
  5315 | D:7      | Reached skill level 9 in Polearms
  5361 | D:7      | Found a flagged portal.
  5375 | Bailey   | Entered a bailey
  5549 | Bailey   | Reached skill level 1 in Axes
  5819 | Bailey   | Identified the +9 shortbow "Raez" {drain, rN+ Int+4}
  5913 | Bailey   | Noticed a two-headed ogre
  5923 | Bailey   | Killed a two-headed ogre
  5924 | Bailey   | Reached skill level 5 in Armour
  5924 | Bailey   | Reached skill level 5 in Evocations
  5924 | Bailey   | Reached XP level 10. HP: 19/83 MP: 10/10
  6668 | D:2      | Bought a scroll of immolation for 48 gold pieces
  6810 | D:3      | Bought a scroll of brand weapon for 95 gold pieces
  6810 | D:3      | Bought 2 scrolls of poison for 80 gold pieces
  7050 | D:6      | Killed Stormy's ghost
  7073 | D:6      | Paralysed by a hornet for 2 turns
  7606 | D:8      | Found Zin's Purification Station.
  7611 | D:8      | Found a glowing silver altar of Zin.
  7614 | D:8      | Bought a potion of curing for 90 gold pieces
  7894 | D:8      | Noticed an obsidian statue
  7895 | D:8      | Noticed a rust devil
  8240 | D:8      | Noticed a two-headed ogre
  8247 | D:8      | Mangled by a two-headed ogre

Illustrated notes

Levels and vault maps discovered:
D:1:      saegor_arrival_simple_c, layout_loops_cross
D:2:      layout_basic, serial_shops, nicolae_shop_waterfront,
          nicolae_ecumenical_snake_handling, basic_altar,
          palyth_stone_intersect, uniq_sigmund
D:3:      layout_loops_ring, mainiacjoe_overflow_tiny_flanked, fedhas_altar_4,
          nemelex_spade_bored_becter, grunt_temple_overflow_open, serial_shops,
          shop_statue, nicolae_shop_crystal
D:4:      nicolae_cairo_tiling_large, layout_rooms, cheibrodos_gnoll_hut
D:5:      layout_basic, cheibrodos_ashenzari_chains,
          nicolae_overflow_hidden_temple, minivault_24
D:6:      layout_cave_pools, gammafunk_ghost_hive, uniq_prince_ribbit1
D:7:      layout_basic, enter_bailey_7, serial_shops, nicolae_diamond_shop,
          serial_glass, glass_columns_a, glass_columns_a, glass_columns_a,
          glass_columns_b
D:8:      minmay_statue_hallways, layout_basic, zin_purify, serial_ice,
          serial_ice_o, serial_ice_m, serial_ice_a, serial_ice_c,
          hangedman_abyss_or_decor_passed
Temple:   nicolae_temple_ecumenical_triangle

Skill      XL: |  1  2  3  4  5  6  7  8  9 10 |
---------------+-------------------------------+-----
Dodging        | 1 3 4 |  4.1
Polearms       | 3 5 6 8 9 |  9.8
Armour         | 3 4 5 |  5.4
Fighting       | 4 5 6 |  6.4
Evocations     | 1 2 3 5 6 |  6.0
Shields        | 4 5 6 |  6.3
Throwing       | 1 2 |  2.0
Stealth        | 1 |  1.2
Axes           | 2 4 |  4.0

Action                   |  1- 3 |  4- 6 |  7- 9 | 10-12 || total
-------------------------+-------+-------+-------+-------++-------
Melee: Trident           |   100 |   140 |   205 |       ||   445
       War axe           |       |       |    34 |   113 ||   147
Throw: Boomerang         |       |     8 |    12 |    13 ||    33
Evoke: Wand              |       |       |     9 |       ||     9
  Use: Potion            |       |     4 |    17 |     4 ||    25
       Scroll            |       |       |    11 |     2 ||    13
 Stab: Invisible         |       |       |     1 |       ||     1
       Distracted        |       |       |     1 |       ||     1
Armor: Scale mail        |    51 |    22 |       |       ||    73
       Chain mail        |       |    31 |       |       ||    31
       Plate armour      |       |     5 |   156 |    45 ||   206
       Skin              |       |       |     8 |    30 ||    38
Dodge: Dodged            |    35 |    52 |    59 |    27 ||   173
Block: Buckler           |    24 |    40 |   120 |    64 ||   248
       Reflection        |       |     1 |     2 |       ||     3

Table legend: (Time is in decaauts)
 A = Elapsed time spent in this place.
 B = Non-inter-level travel time spent in this place.
 C = Inter-level travel time spent in this place.
 D = Time resting spent in this place.
 E = Time spent auto-exploring this place.
 F = Levels seen in this place.
 G = Mean time per level.
                   A        B        C        D        E       F      G
               +--------+--------+--------+--------+--------+-----+--------+
         Total |   8297 |   8036 |    261 |   1222 |   3400 |  10 |  829.7 |
       Dungeon |   7374 |   7113 |    261 |    632 |   3340 |   8 |  921.8 |
        Temple |     42 |     42 |      0 |      0 |      0 |   1 |   42.0 |
        Bailey |    880 |    880 |      0 |    590 |     59 |   1 |  880.0 |
               +--------+--------+--------+--------+--------+-----+--------+

Top non-repeatable levels by time:
     D:6: 1328 daAuts
     D:2: 1211 daAuts
     D:3: 966 daAuts
  Bailey: 880 daAuts
     D:4: 860 daAuts
     D:7: 827 daAuts
     D:5: 778 daAuts
     D:1: 718 daAuts
     D:8: 682 daAuts
  Temple: 42 daAuts
